[Event "RUS-chT Higher League 2021"]
[Site "Sochi"]
[Date "2021.05.07"]
[Round "6.10"]
[White "Balashov, Yuri S"]
[Black "Pridorozhni, Aleksei"]
[Result "0-1"]
[ECO "D47"]
[WhiteElo "2461"]
[BlackElo "2555"]
[Annotator "ChessBase"]
[PlyCount "108"]
[EventDate "2021.05.01"]
[EventType "team-tourn"]
[EventCountry "RUS"]
[SourceTitle "playchess.com"]
[Source "ChessBase"]
[SourceQuality "1"]
[TimeControl "40/5400+30:1800+30"]

1. d4 d5 2. c4 e6 3. Nc3 c6 4. e3 Nf6 5. Nf3 Nbd7 6. Bd3 dxc4 7. Bxc4 b5 8. Be2 Bb7 9. e4 b4 10. e5 bxc3 11. exf6 cxb2 12. fxg7 bxa1=Q 13. gxh8=Q Qa5+ 14. Nd2 c5 15. O-O Qxd4 16. Nc4 Qxh8 17. Nxa5 Bd5 18. Bf3 Qd4 19. Qe2 Bxf3 20. Qxf3 Qd5 21. Qe2 Bg7 22. Bf4 Bd4 23. Nc4 e5 24. Re1 f6 25. Be3 Rb8 26. Qc2 Rb4 27. Rc1 Nb6 28. Nxb6 axb6 29. Qxh7 Qxa2 30. Qg6+ Ke7 31. Qh7+ Qf7 32. Qd3 Rb3 33. Qe4 f5 34. Qh4+ Kd7 35. Bxd4 exd4 36. Ra1 Qe6 37. h3 Qe4 38. Qh7+ Kc6 39. Qh6+ Kb5 40. Kh2 d3 41. Qd6 c4 42. Qd7+ Qc6 43. Qxf5+ Kb4 44. Qf4 Qd5 45. Ra2 Rb1 46. Qd2+ Kb3 47. Ra6 Qd6+ 48. g3 Rb2 49. Qe3 Kc2 50. Ra1 d2 51. Qe2 Qd3 52. Qd1+ Kc3 53. Ra3+ Rb3 54. Ra2 Rb1 0-1

[Event "RUS-chT Higher League 2021"]
[Site "Sochi"]
[Date "2021.05.07"]
[Round "6.11"]
[White "Ulybin, Mikhail"]
[Black "Kalegin, Evgenij"]
[Result "1-0"]
[ECO "E91"]
[WhiteElo "2462"]
[BlackElo "2414"]
[Annotator "ChessBase"]
[PlyCount "125"]
[EventDate "2021.05.01"]
[EventType "team-tourn"]
[EventCountry "RUS"]
[SourceTitle "playchess.com"]
[Source "ChessBase"]
[SourceQuality "1"]
[TimeControl "40/5400+30:1800+30"]

1. d4 Nf6 2. c4 g6 3. Nc3 Bg7 4. e4 d6 5. Be2 O-O 6. Nf3 Nbd7 7. O-O e5 8. Be3 c6 9. Qc2 Ng4 10. Bg5 Bf6 11. Bxf6 Ngxf6 12. Rad1 Qe7 13. Rfe1 Nh5 14. Qd2 Re8 15. b4 a5 16. b5 Ndf6 17. h3 Nf4 18. Bf1 Bd7 19. c5 exd4 20. Qxf4 dxc3 21. cxd6 Qe6 22. Qh6 c2 23. Rc1 Qxd6 24. e5 Qf8 25. Qxf8+ Kxf8 26. exf6 cxb5 27. Ne5 Bc6 28. Rxc2 Re6 29. Rc5 b4 30. Rec1 Rxf6 31. Nxc6 bxc6 32. Be2 Rd6 33. R1c2 a4 34. Rb2 Rb8 35. Ra5 Rd4 36. Rxa4 c5 37. Rc2 Rc8 38. Bc4 Rc7 39. Ra6 h5 40. Rb6 h4 41. Kf1 Rd1+ 42. Ke2 Rd4 43. Ke1 Ke7 44. Be2 Ra7 45. Ba6 Rad7 46. Rc6 R7d6 47. Rxd6 Kxd6 48. Bc4 f5 49. Bf7 g5 50. Ke2 Re4+ 51. Kd3 Rd4+ 52. Ke2 Re4+ 53. Kf1 Rf4 54. Bc4 g4 55. hxg4 fxg4 56. Bb3 g3 57. f3 Rd4 58. Ke2 Kc6 59. Rc4 Kd5 60. Rxb4+ c4 61. Rxc4 Rxc4 62. Bxc4+ Kxc4 63. f4 1-0

[Event "RUS-chT Higher League 2021"]
[Site "Sochi"]
[Date "2021.05.07"]
[Round "6.12"]
[White "Zhelnin, Vladimir V"]
[Black "Garifullina, Leya"]
[Result "1-0"]
[ECO "B50"]
[WhiteElo "2408"]
[BlackElo "2386"]
[Annotator "NA"]
[PlyCount "93"]
[EventDate "2021.05.01"]
[EventType "team-tourn"]
[EventCountry "RUS"]
[SourceTitle "playchess.com"]
[Source "ChessBase"]
[SourceQuality "1"]
[TimeControl "40/5400+30:1800+30"]

1. e4 c5 2. Nf3 d6 3. Bc4 Nf6 4. d3 Nc6 5. O-O e6 6. Re1 Be7 7. Bb3 O-O 8. c3 b5 9. Nbd2 Bb7 10. Nf1 Qc7 11. Ng3 a5 12. a4 b4 13. Bf4 Ne5 14. Bxe5 dxe5 15. Bc4 Nd7 16. Qe2 Rfd8 17. Red1 Nf8 18. Nf1 Ng6 19. Ne3 Rf8 20. g3 Bd6 21. h4 Ne7 22. Kh2 h6 23. Rh1 Qc8 24. Ng4 Nc6 25. Kg1 f6 26. Ne3 Ne7 27. Ng5 hxg5 28. hxg5 fxg5 29. Rh5 g6 30. Rxg5 Kg7 31. Qg4 Rf6 32. Rh5 Qf8 33. Rh2 Kf7 34. Qg5 Ke8 35. Ng4 Rf3 36. Kg2 Rf5 37. Qd2 Rh5 38. Rah1 Rxh2+ 39. Rxh2 Kd7 40. Rh7 Rd8 41. Qg5 Qf5 42. Qh4 Rf8 43. Kh2 Qf3 44. Nxe5+ Kd8 45. Nxf3 Rxf3 46. Kg2 Rf8 47. Bxe6 1-0

[Event "RUS-chT Higher League 2021"]
[Site "Sochi"]
[Date "2021.05.08"]
[Round "7.2"]
[White "Yeletsky, Ivan"]
[Black "Shomoev, Anton"]
[Result "1/2-1/2"]
[ECO "D86"]
[WhiteElo "2448"]
[BlackElo "2563"]
[Annotator "ChessBase"]
[PlyCount "212"]
[EventDate "2021.05.01"]
[EventType "team-tourn"]
[EventCountry "RUS"]
[SourceTitle "playchess.com"]
[Source "ChessBase"]
[SourceQuality "1"]
[TimeControl "40/5400+30:1800+30"]

1. d4 Nf6 2. c4 g6 3. Nc3 d5 4. cxd5 Nxd5 5. e4 Nxc3 6. bxc3 Bg7 7. Bc4 c5 8. Ne2 Nc6 9. Be3 O-O 10. O-O b6 11. Rc1 Bb7 12. Qd2 Qc7 13. Rfd1 Rad8 14. Qe1 Na5 15. Bd3 e5 16. dxe5 Bxe5 17. f4 Rxd3 18. Rxd3 Bxe4 19. Rdd1 Bf6 20. Ng3 Bb7 21. f5 Qc6 22. Qf2 Nc4 23. Bh6 Re8 24. Rc2 Ne5 25. h3 c4 26. Re1 Rd8 27. fxg6 hxg6 28. Rf1 Rd6 29. Qe3 Nd3 30. Re2 Be5 31. Qg5 Re6 32. Ne4 Qc7 33. Kh1 Bh8 34. Ng3 Qd7 35. Kh2 Rxe2 36. Nxe2 Be5+ 37. Kg1 Qd5 38. Qg4 Qc5+ 39. Nd4 Qd5 40. Nf5 Qe6 41. Be3 Kf8 42. Bh6+ Kg8 43. Bd2 Kf8 44. Ne3 Bd5 45. Nxd5 Qxd5 46. Qc8+ Kg7 47. Qe8 b5 48. a3 a5 49. Kh1 b4 50. axb4 axb4 51. cxb4 c3 52. Be3 c2 53. b5 Bf4 54. Rxf4 Nxf4 55. Bxf4 c1=Q+ 56. Bxc1 Qd1+ 57. Kh2 Qxc1 58. Qe5+ f6 59. Qe7+ Kh6 60. Qd6 f5 61. b6 Qe3 62. b7 f4 63. Qd1 Qe5 64. Qf3 g5 65. Qf2 Qd6 66. Qb2 f3+ 67. g3 Qb8 68. Qf6+ Kh7 69. Qf7+ Kh6 70. Qe6+ Kg7 71. Qd7+ Kh6 72. Qc6+ Kg7 73. Qxf3 Qe5 74. h4 gxh4 75. Qg4+ Kh7 76. Qxh4+ Kg7 77. Qg4+ Kh7 78. Kh3 Qd5 79. Qb4 Qe6+ 80. Kg2 Qe2+ 81. Kg1 Qe3+ 82. Kg2 Qe2+ 83. Kh3 Qe6+ 84. g4 Qe3+ 85. Kg2 Qe2+ 86. Kg1 Qe3+ 87. Kf1 Qf3+ 88. Ke1 Qe3+ 89. Kd1 Qd3+ 90. Kc1 Qe3+ 91. Qd2 Qa3+ 92. Qb2 Qe3+ 93. Kb1 Qe1+ 94. Ka2 Qa5+ 95. Qa3 Qd2+ 96. Kb1 Qd1+ 97. Kb2 Qd2+ 98. Ka1 Qd1+ 99. Ka2 Qc2+ 100. Qb2 Qa4+ 101. Kb1 Qd1+ 102. Qc1 Qb3+ 103. Ka1 Qxb7 104. Qb1+ Qxb1+ 105. Kxb1 Kg6 106. g5 Kxg5 1/2-1/2

[Event "RUS-chT Higher League 2021"]
[Site "Sochi"]
[Date "2021.05.08"]
[Round "7.3"]
[White "Drygalov, Andrey"]
[Black "Smirnov, Timofey"]
[Result "1/2-1/2"]
[ECO "C92"]
[WhiteElo "2500"]
[BlackElo "2415"]
[Annotator "ChessBase"]
[PlyCount "194"]
[EventDate "2021.05.01"]
[EventType "team-tourn"]
[EventCountry "RUS"]
[SourceTitle "playchess.com"]
[Source "ChessBase"]
[SourceQuality "1"]
[TimeControl "40/5400+30:1800+30"]

1. e4 e5 2. Nf3 Nc6 3. Bb5 a6 4. Ba4 Nf6 5. O-O Be7 6. Re1 b5 7. Bb3 d6 8. c3 O-O 9. h3 Bb7 10. d4 Re8 11. Nbd2 Bf8 12. a3 g6 13. Ba2 Bg7 14. b4 Nb8 15. Ng5 Rf8 16. Nb3 Nbd7 17. Na5 Bc8 18. dxe5 dxe5 19. c4 h6 20. Nf3 c5 21. Qd6 Re8 22. Bb2 Bf8 23. Qd2 Qb6 24. Rab1 Qd6 25. Bc3 Qxd2 26. Bxd2 cxb4 27. axb4 bxc4 28. Bxc4 Rb8 29. Bc3 Rb6 30. Nd2 Nb8 31. Bf1 Bd7 32. Nac4 Rbe6 33. Nf3 Bc6 34. Bd3 Nfd7 35. Na3 a5 36. Bc4 Rf6 37. Nc2 Ba4 38. Ne3 axb4 39. Bxb4 Bxb4 40. Rxb4 Bc6 41. Ng4 Rf4 42. Nfxe5 Nxe5 43. Nxe5 Rxe5 44. Rxb8+ Kg7 45. f3 Rc5 46. Bb3 Rb5 47. Rxb5 Bxb5 48. Bd5 Rf6 49. Rb1 Bd7 50. Rb7 Rd6 51. Kf2 Be6 52. Rb5 h5 53. Ke3 Ra6 54. Kf4 Kf6 55. e5+ Kg7 56. Be4 Kh6 57. h4 Ra2 58. g3 Ra4 59. Rb7 Bd5 60. Rd7 Be6 61. Rc7 Bd5 62. Ke3 Be6 63. Rc3 Kg7 64. Bb7 Rb4 65. Rc7 Ra4 66. Be4 Rb4 67. Ra7 Rb2 68. Kf4 Kh6 69. Ra4 Bd7 70. Rd4 Be6 71. Rd6 Rb4 72. Ke3 Kg7 73. Bd5 Bxd5 74. Rxd5 Rb3+ 75. Ke4 Rb4+ 76. Rd4 Rb1 77. Rd7 Re1+ 78. Kf4 Re2 79. Rd6 Re1 80. Rd3 Re2 81. Re3 Rg2 82. Ra3 Re2 83. Ra7 Re1 84. Re7 Kf8 85. Rd7 Kg7 86. Ra7 Re2 87. g4 hxg4 88. fxg4 Re1 89. h5 gxh5 90. gxh5 Rf1+ 91. Ke4 Rh1 92. Kf4 Rxh5 93. e6 Kf6 94. exf7 Rh8 95. Rb7 Rf8 96. Ra7 Rxf7 97. Rxf7+ Kxf7 1/2-1/2

[Event "RUS-chT Higher League 2021"]
[Site "Sochi"]
[Date "2021.05.08"]
[Round "7.4"]
[White "Klukin, Kirill"]
[Black "Gutenev, Alexander"]
[Result "1/2-1/2"]
[ECO "A15"]
[WhiteElo "2330"]
[BlackElo "2431"]
[Annotator "NA"]
[PlyCount "109"]
[EventDate "2021.05.01"]
[EventType "team-tourn"]
[EventCountry "RUS"]
[SourceTitle "playchess.com"]
[Source "ChessBase"]
[SourceQuality "1"]
[TimeControl "40/5400+30:1800+30"]

1. c4 Nf6 2. Nf3 g6 3. Nc3 d5 4. cxd5 Nxd5 5. h4 h5 6. Qb3 Nb6 7. d4 Bg7 8. Bf4 Be6 9. Qa3 Nc6 10. e3 O-O 11. Bb5 Nd5 12. Bg3 Ncb4 13. Rc1 a5 14. Ng5 Bg4 15. O-O Nb6 16. Na4 c6 17. Nxb6 Qxb6 18. Bc4 a4 19. f3 Bd7 20. Be1 Nd5 21. Bf2 Qb4 22. Bxd5 Qxa3 23. Bxf7+ Rxf7 24. bxa3 Rf5 25. Ne4 Rb5 26. Nc5 Bc8 27. Rb1 b6 28. Rxb5 cxb5 29. Ne4 Bd7 30. Rc1 Rc8 31. Rxc8+ Bxc8 32. Bg3 Be6 33. Nc3 Bc4 34. Bc7 Kf7 35. Bxb6 e5 36. Kf2 exd4 37. exd4 Bh6 38. Bc5 Ke6 39. d5+ Kd7 40. Ne4 Bxd5 41. Nf6+ Kc6 42. Nxd5 Kxc5 43. Ne7 b4 44. Ke2 Kc4 45. axb4 Kxb4 46. Kd3 Ka3 47. Kc2 Kxa2 48. Nxg6 Ka3 49. Ne5 Kb4 50. Nd3+ Kc4 51. Nb2+ Kd4 52. Nxa4 Ke3 53. Nc3 Kf2 54. g4 Kxf3 55. gxh5 1/2-1/2

[Event "RUS-chT Higher League 2021"]
[Site "Sochi"]
[Date "2021.05.08"]
[Round "7.5"]
[White "Kezin, Roman"]
[Black "Khegay, Dmitriy"]
[Result "1/2-1/2"]
[ECO "B10"]
[WhiteElo "2472"]
[BlackElo "2523"]
[Annotator "ChessBase"]
[PlyCount "97"]
[EventDate "2021.05.01"]
[EventType "team-tourn"]
[EventCountry "RUS"]
[SourceTitle "playchess.com"]
[Source "ChessBase"]
[SourceQuality "1"]
[TimeControl "40/5400+30:1800+30"]

1. e4 c6 2. Nf3 d5 3. d3 dxe4 4. dxe4 Qxd1+ 5. Kxd1 g6 6. c3 Nf6 7. Nfd2 Bh6 8. f3 O-O 9. a4 Rd8 10. Kc2 Nbd7 11. Nb3 Bxc1 12. Kxc1 Ne5 13. N1d2 Ne8 14. Be2 Nc7 15. Kc2 f5 16. Rhe1 fxe4 17. Nxe4 Bf5 18. Bf1 Nf7 19. Nd4 Kf8 20. a5 Bxe4+ 21. Rxe4 c5 22. Nb3 b6 23. Rae1 e6 24. f4 Ke7 25. g3 Rd6 26. Nd2 b5 27. Nb3 c4 28. Nd4 Kf6 29. g4 h6 30. h4 Re8 31. g5+ hxg5 32. hxg5+ Kg7 33. Bh3 Nd8 34. Re5 a6 35. f5 gxf5 36. Rc5 Rd7 37. Nxf5+ exf5 38. Rxc7 Rxc7 39. Rxe8 Nb7 40. Bxf5 Nxa5 41. Re6 Rf7 42. Rg6+ Kf8 43. Rxa6 Rxf5 44. Rxa5 Rxg5 45. Kb1 Ke7 46. Ra6 Kd7 47. Ka2 Kc7 48. Ka3 Rg2 49. Rh6 1/2-1/2

[Event "RUS-chT Higher League 2021"]
[Site "Sochi"]
[Date "2021.05.08"]
[Round "7.6"]
[White "Yudin, Sergei"]
[Black "Obgolts, Erik"]
[Result "1/2-1/2"]
[ECO "B32"]
[WhiteElo "2484"]
[BlackElo "2414"]
[Annotator "ChessBase"]
[PlyCount "25"]
[EventDate "2021.05.01"]
[EventType "team-tourn"]
[EventCountry "RUS"]
[SourceTitle "playchess.com"]
[Source "ChessBase"]
[SourceQuality "1"]
[TimeControl "40/5400+30:1800+30"]

1. e4 c5 2. Nf3 Nc6 3. d4 cxd4 4. Nxd4 e5 5. Nb5 d6 6. N1c3 a6 7. Na3 b5 8. Nd5 Nf6 9. Bg5 Qa5+ 10. Bd2 Qd8 11. Bg5 Qa5+ 12. Bd2 Qd8 13. Bg5 1/2-1/2

[Event "RUS-chT Higher League 2021"]
[Site "Sochi"]
[Date "2021.05.08"]
[Round "7.7"]
[White "Ovod, Evgenija"]
[Black "Pogromsky, Mikhail"]
[Result "1-0"]
[ECO "B28"]
[WhiteElo "2341"]
[BlackElo "2422"]
[Annotator "NA"]
[PlyCount "95"]
[EventDate "2021.05.01"]
[EventType "team-tourn"]
[EventCountry "RUS"]
[SourceTitle "playchess.com"]
[Source "ChessBase"]
[SourceQuality "1"]
[TimeControl "40/5400+30:1800+30"]

1. e4 c5 2. Nf3 a6 3. c4 Nc6 4. d4 cxd4 5. Nxd4 e5 6. Nf5 d6 7. Nc3 g6 8. Ne3 Bh6 9. Bd3 Nf6 10. Bd2 Be6 11. Ned5 Bxd2+ 12. Qxd2 Nd4 13. f4 Bxd5 14. exd5 O-O 15. O-O b5 16. fxe5 dxe5 17. Qg5 bxc4 18. Bxc4 Nd7 19. Qxd8 Rfxd8 20. d6 Nf5 21. Ne4 h5 22. Rac1 Nb6 23. Bb3 Rac8 24. Rc7 Rxc7 25. dxc7 Rc8 26. Rc1 Na8 27. Rc6 Kg7 28. Rxa6 Nxc7 29. Rc6 Ne7 30. Rc5 Na6 31. Rxe5 Rc1+ 32. Kf2 Nf5 33. Rd5 Rb1 34. Rd2 Nb4 35. Nc5 Nc6 36. Bd5 Ne5 37. h3 Ra1 38. g3 h4 39. gxh4 Nxh4 40. b4 Nf5 41. Nb3 Nd3+ 42. Rxd3 Rxa2+ 43. Nd2 Ra4 44. b5 Rb4 45. Bc4 Kf6 46. Rb3 Ra4 47. b6 Nd6 48. b7 1-0

[Event "RUS-chT Higher League 2021"]
[Site "Sochi"]
[Date "2021.05.08"]
[Round "7.8"]
[White "Matveev, Vladimir"]
[Black "Kolmagorov, Alexey"]
[Result "1/2-1/2"]
[ECO "E04"]
[WhiteElo "2368"]
[BlackElo "2129"]
[Annotator "NA"]
[PlyCount "116"]
[EventDate "2021.05.01"]
[EventType "team-tourn"]
[EventCountry "RUS"]
[SourceTitle "playchess.com"]
[Source "ChessBase"]
[SourceQuality "1"]
[TimeControl "40/5400+30:1800+30"]

1. d4 Nf6 2. c4 e6 3. Nf3 d5 4. g3 dxc4 5. Bg2 a6 6. O-O Nc6 7. e3 Rb8 8. Qe2 b5 9. b3 cxb3 10. axb3 Bb7 11. Bb2 Nb4 12. Rc1 Bd6 13. Nbd2 O-O 14. Ne5 Bxg2 15. Kxg2 Rb6 16. Kg1 Qa8 17. Ba3 Rc8 18. Ndf3 c5 19. dxc5 Rxc5 20. Rxc5 Bxc5 21. Ng5 Rb7 22. Qf3 Qb8 23. Bxb4 Qxe5 24. Rxa6 Rb8 25. Bxc5 Qxc5 26. Ra8 Rxa8 27. Qxa8+ Qf8 28. Qc6 Qe8 29. Qb7 h6 30. Nf3 Qd7 31. Qb8+ Qe8 32. Qb7 Qd7 33. Qb8+ Qe8 34. Qe5 b4 35. Qd4 Qb5 36. Ne5 Nd5 37. Qa7 Qe8 38. Qb7 Qf8 39. Nd3 Qd6 40. Qc8+ Kh7 41. Qc4 f5 42. Kf1 e5 43. e4 Nb6 44. Qc2 fxe4 45. Nc5 Kh8 46. Nxe4 Qd4 47. h4 Nd5 48. Qc4 Qd1+ 49. Kg2 Kh7 50. Nc5 Nf4+ 51. Kh2 Ne2 52. Qd3+ Qxd3 53. Nxd3 e4 54. Nc5 Nd4 55. g4 g5 56. h5 Kg7 57. Kg2 Kf7 58. Kf1 Kf6 1/2-1/2

[Event "RUS-chT Higher League 2021"]
[Site "Sochi"]
[Date "2021.05.08"]
[Round "7.10"]
[White "Pridorozhni, Aleksei"]
[Black "Grebnev, Aleksey"]
[Result "1/2-1/2"]
[ECO "C15"]
[WhiteElo "2555"]
[BlackElo "2283"]
[Annotator "ChessBase"]
[PlyCount "119"]
[EventDate "2021.05.01"]
[EventType "team-tourn"]
[EventCountry "RUS"]
[SourceTitle "playchess.com"]
[Source "ChessBase"]
[SourceQuality "1"]
[TimeControl "40/5400+30:1800+30"]

1. e4 e6 2. d4 d5 3. Nc3 Bb4 4. exd5 exd5 5. Bd3 Nc6 6. a3 Bxc3+ 7. bxc3 Nf6 8. Ne2 O-O 9. O-O Na5 10. Ng3 Re8 11. Qf3 Bg4 12. Qf4 Qd6 13. h3 Bd7 14. Qh4 Qc6 15. Bf4 Nc4 16. Rfe1 Ne4 17. f3 Qf6 18. Qxf6 Nxf6 19. Be5 Nd6 20. Bxf6 gxf6 21. Nh5 Rxe1+ 22. Rxe1 Ne8 23. c4 dxc4 24. Bxc4 Kf8 25. g4 Rd8 26. Kf2 Ba4 27. c3 c5 28. d5 a6 29. Ba2 b5 30. c4 bxc4 31. Bxc4 Bb5 32. Bb3 c4 33. Bc2 Rxd5 34. Bxh7 Rd2+ 35. Kg3 Rb2 36. Rc1 Rb3 37. a4 Bc6 38. Rxc4 Rxf3+ 39. Kh4 Bd7 40. Rd4 Bc6 41. Be4 Bxe4 42. Rxe4 a5 43. Rf4 Rxf4 44. Nxf4 Nd6 45. Nd5 Ne4 46. Nb6 Kg7 47. Nc4 Nc5 48. Nxa5 Nxa4 49. Nc4 Nc5 50. Kg3 Kg6 51. Nd6 Ne6 52. h4 Ng7 53. Kf4 Ne6+ 54. Kf3 Ng7 55. Ke4 f5+ 56. gxf5+ Kh5 57. f6 Ne6 58. Nxf7 Kg6 59. Ng5 Kxf6 60. Nxe6 1/2-1/2

[Event "RUS-chT Higher League 2021"]
[Site "Sochi"]
[Date "2021.05.08"]
[Round "7.11"]
[White "Sharikov, Alexander"]
[Black "Ulybin, Mikhail"]
[Result "0-1"]
[ECO "D10"]
[WhiteElo "2132"]
[BlackElo "2462"]
[Annotator "ChessBase"]
[PlyCount "71"]
[EventDate "2021.05.01"]
[EventType "team-tourn"]
[EventCountry "RUS"]
[SourceTitle "playchess.com"]
[Source "ChessBase"]
[SourceQuality "1"]
[TimeControl "40/5400+30:1800+30"]

1. d4 d5 2. c4 c6 3. cxd5 cxd5 4. Bf4 Nc6 5. e3 e6 6. Nc3 Bd6 7. Bxd6 Qxd6 8. Bd3 Nf6 9. f4 a6 10. Rc1 b5 11. Qe2 Bb7 12. Nf3 O-O 13. O-O Rac8 14. Ne5 Na5 15. Qf3 Rc7 16. a3 Rfc8 17. Na2 Ne4 18. Rcd1 f6 19. Ng4 Nc4 20. Qe2 a5 21. Nf2 b4 22. a4 b3 23. Nxe4 dxe4 24. Bxc4 Rxc4 25. Nc3 Rxc3 26. bxc3 Ba6 27. Qb2 Bxf1 28. Rxf1 Rb8 29. c4 Qb4 30. c5 Qxa4 31. f5 Qa2 32. Rb1 Qxb2 33. Rxb2 a4 34. c6 Kf7 35. Kf2 Rc8 36. Ra2 0-1

[Event "RUS-chT Higher League 2021"]
[Site "Sochi"]
[Date "2021.05.08"]
[Round "7.12"]
[White "Pingin, Artem"]
[Black "Bobkov, Vadim"]
[Result "1/2-1/2"]
[ECO "B29"]
[WhiteElo "2347"]
[BlackElo "2265"]
[Annotator "NA"]
[PlyCount "57"]
[EventDate "2021.05.01"]
[EventType "team-tourn"]
[EventCountry "RUS"]
[SourceTitle "playchess.com"]
[Source "ChessBase"]
[SourceQuality "1"]
[TimeControl "40/5400+30:1800+30"]

1. e4 c5 2. Nf3 Nf6 3. e5 Nd5 4. Nc3 Nxc3 5. dxc3 Nc6 6. Bf4 e6 7. Qd2 Qc7 8. O-O-O h6 9. h4 b6 10. Bh2 Bb7 11. Qf4 f5 12. g4 fxg4 13. Qxg4 O-O-O 14. Bd3 g5 15. Kb1 Be7 16. h5 Rdf8 17. Be4 Na5 18. Nd2 Rxf2 19. Bg3 Rf7 20. Rhe1 Bxe4 21. Nxe4 Rf5 22. Nf6 Bxf6 23. exf6 Qc6 24. Be5 Rf8 25. b3 Qf3 26. Qa4 Qc6 27. Qg4 Qf3 28. Qa4 Qc6 29. Qg4 1/2-1/2

[Event "RUS-chT Higher League 2021"]
[Site "Sochi"]
[Date "2021.05.09"]
[Round "8.2"]
[White "Shomoev, Anton"]
[Black "Pridorozhni, Aleksei"]
[Result "1-0"]
[ECO "C67"]
[WhiteElo "2563"]
[BlackElo "2555"]
[Annotator "ChessBase"]
[PlyCount "59"]
[EventDate "2021.05.01"]
[EventType "team-tourn"]
[EventCountry "RUS"]
[SourceTitle "playchess.com"]
[Source "ChessBase"]
[SourceQuality "1"]
[TimeControl "40/5400+30:1800+30"]

1. e4 e5 2. Nf3 Nc6 3. Bb5 Nf6 4. O-O Nxe4 5. d4 Nd6 6. Bxc6 dxc6 7. dxe5 Nf5 8. Qxd8+ Kxd8 9. h3 Bd7 10. Rd1 Kc8 11. g4 Ne7 12. Ng5 Be8 13. f4 h5 14. Kf2 b6 15. f5 Kb7 16. c4 c5 17. Nc3 Nc6 18. Bf4 g6 19. e6 fxe6 20. Nxe6 hxg4 21. hxg4 gxf5 22. Nxc7 Bh6 23. Bxh6 Kxc7 24. Nb5+ Kb7 25. g5 Ne5 26. Bg7 Ng4+ 27. Kg3 Rg8 28. Nd6+ Ka6 29. Rd3 b5 30. Nxf5 1-0

[Event "RUS-chT Higher League 2021"]
[Site "Sochi"]
[Date "2021.05.09"]
[Round "8.3"]
[White "Ulybin, Mikhail"]
[Black "Drygalov, Andrey"]
[Result "1-0"]
[ECO "A06"]
[WhiteElo "2462"]
[BlackElo "2500"]
[Annotator "ChessBase"]
[PlyCount "179"]
[EventDate "2021.05.01"]
[EventType "team-tourn"]
[EventCountry "RUS"]
[SourceTitle "playchess.com"]
[Source "ChessBase"]
[SourceQuality "1"]
[TimeControl "40/5400+30:1800+30"]

1. Nf3 d5 2. g3 g6 3. Bg2 Bg7 4. d4 Nf6 5. O-O O-O 6. Be3 c6 7. Qc1 Qb6 8. c4 dxc4 9. Na3 Qa6 10. Nxc4 Be6 11. b3 Bd5 12. Rd1 Nbd7 13. Bf1 Rac8 14. Nce5 Qa5 15. Bh3 e6 16. Bd2 Qb6 17. Bh6 Bxf3 18. Bxg7 Kxg7 19. Nxf3 c5 20. Qb2 Kg8 21. dxc5 Rxc5 22. Rac1 Rfc8 23. Rxc5 Qxc5 24. Nd4 Ne4 25. Bg2 Ndf6 26. e3 e5 27. Bxe4 Nxe4 28. Nf3 f6 29. Ne1 Qc6 30. h4 Nc3 31. Rd3 Kg7 32. Qa3 Ne2+ 33. Kh2 Rc7 34. Rd8 Rf7 35. Rd2 Nc3 36. Qxa7 Ne4 37. Rc2 Qb5 38. Qa4 Qxa4 39. bxa4 Rd7 40. Kg2 b6 41. Rc4 Nd6 42. Rb4 Nc8 43. Nf3 Kf7 44. g4 Rc7 45. g5 Rc2 46. a3 Rc3 47. gxf6 Kxf6 48. Ng5 Rc7 49. Kf3 h6 50. Ne4+ Ke6 51. Ke2 Rc1 52. Kd3 Ra1 53. Nc3 Rf1 54. Ke2 Rc1 55. Kd2 Rf1 56. Nd1 Rg1 57. Ke2 Kd5 58. Nb2 g5 59. hxg5 hxg5 60. e4+ Kc6 61. Nc4 Ra1 62. Nxe5+ Kd6 63. Nf7+ Kc5 64. Rb3 Kc4 65. Rd3 Re1+ 66. Kxe1 Kxd3 67. Nxg5 Ne7 68. f4 Ke3 69. f5 Kf4 70. f6 Ng6 71. Nh7 Ne5 72. Kd2 Nf7 73. Kd3 Ke5 74. Kc4 Nd6+ 75. Kb4 Ke6 76. a5 bxa5+ 77. Kxa5 Nxe4 78. Kb4 Kf7 79. a4 Kg6 80. a5 Nd6 81. a6 Nc8 82. Kc5 Kxh7 83. Kc6 Kg6 84. Kd7 Na7 85. Ke6 Kh7 86. f7 Kg7 87. Ke7 Nc8+ 88. Kd8 Nd6 89. a7 Nxf7+ 90. Ke7 1-0

[Event "RUS-chT Higher League 2021"]
[Site "Sochi"]
[Date "2021.05.09"]
[Round "8.4"]
[White "Gutenev, Alexander"]
[Black "Garifullina, Leya"]
[Result "1/2-1/2"]
[ECO "B53"]
[WhiteElo "2431"]
[BlackElo "2386"]
[Annotator "NA"]
[PlyCount "49"]
[EventDate "2021.05.01"]
[EventType "team-tourn"]
[EventCountry "RUS"]
[SourceTitle "playchess.com"]
[Source "ChessBase"]
[SourceQuality "1"]
[TimeControl "40/5400+30:1800+30"]

1. e4 c5 2. Nf3 d6 3. d4 cxd4 4. Qxd4 Nc6 5. Qe3 Nf6 6. Be2 g6 7. O-O Bg7 8. Rd1 O-O 9. Nc3 a6 10. Nd5 Nd7 11. c3 e6 12. Nf4 Qc7 13. Nd3 b5 14. Qf4 e5 15. Qh4 f6 16. Bh6 Ne7 17. Bxg7 Kxg7 18. Nd2 Bb7 19. Rac1 d5 20. exd5 Bxd5 21. c4 bxc4 22. Nb4 Nb6 23. Nxd5 Nbxd5 24. Bf3 c3 25. bxc3 1/2-1/2

[Event "RUS-chT Higher League 2021"]
[Site "Sochi"]
[Date "2021.05.09"]
[Round "8.5"]
[White "Belyakov, Bogdan"]
[Black "Kezin, Roman"]
[Result "1/2-1/2"]
[ECO "B30"]
[WhiteElo "2459"]
[BlackElo "2472"]
[Annotator "ChessBase"]
[PlyCount "54"]
[EventDate "2021.05.01"]
[EventType "team-tourn"]
[EventCountry "RUS"]
[SourceTitle "playchess.com"]
[Source "ChessBase"]
[SourceQuality "1"]
[TimeControl "40/5400+30:1800+30"]

1. e4 c5 2. Nf3 Nc6 3. c3 Nf6 4. e5 Nd5 5. d4 cxd4 6. cxd4 d6 7. Bc4 Nb6 8. Bb5 Bd7 9. Nc3 dxe5 10. dxe5 g6 11. O-O Bg7 12. Qe2 O-O 13. Rd1 Qc7 14. a4 Nxe5 15. Bxd7 Nxf3+ 16. Qxf3 Nxd7 17. Nd5 Qe5 18. Bf4 Qxb2 19. Rab1 Qa2 20. Rxb7 Nc5 21. Rxe7 Ne6 22. Be3 Qxa4 23. h3 Kh8 24. Nf6 Qh4 25. Nd5 Qa4 26. Nf6 Qh4 27. Nd5 Qa4 1/2-1/2

[Event "RUS-chT Higher League 2021"]
[Site "Sochi"]
[Date "2021.05.09"]
[Round "8.6"]
[White "Obgolts, Erik"]
[Black "Derjabin, Ilja"]
[Result "1-0"]
[ECO "B90"]
[WhiteElo "2414"]
[BlackElo "2333"]
[Annotator "NA"]
[PlyCount "83"]
[EventDate "2021.05.01"]
[EventType "team-tourn"]
[EventCountry "RUS"]
[SourceTitle "playchess.com"]
[Source "ChessBase"]
[SourceQuality "1"]
[TimeControl "40/5400+30:1800+30"]

1. e4 c5 2. Nf3 d6 3. d4 cxd4 4. Nxd4 Nf6 5. Nc3 a6 6. Be3 e5 7. Nf3 Be7 8. Bc4 O-O 9. O-O Nc6 10. Qe2 Bg4 11. Nd5 Nxd5 12. Bxd5 Nd4 13. Bxd4 exd4 14. Bxb7 Rb8 15. Bxa6 Rxb2 16. Bd3 Qa5 17. a4 Bf6 18. h3 Be6 19. Qd2 Qc5 20. Rfb1 Rxb1+ 21. Rxb1 Ra8 22. a5 h6 23. a6 Bc4 24. Ra1 Ra7 25. Bxc4 Qxc4 26. Qd3 Qxd3 27. cxd3 Kf8 28. Nd2 Ke7 29. Nc4 Kd7 30. f4 Kc6 31. Kf2 Be7 32. Kf3 Kb5 33. Rb1+ Kc6 34. Na5+ Kc7 35. Rc1+ Kd7 36. Nc6 Ra8 37. Nxe7 Kxe7 38. Ra1 Ra7 39. e5 d5 40. f5 f6 41. e6 Kd6 42. Kg4 1-0

[Event "RUS-chT Higher League 2021"]
[Site "Sochi"]
[Date "2021.05.09"]
[Round "8.7"]
[White "Sergeyev, Alexander"]
[Black "Ovod, Evgenija"]
[Result "1-0"]
[ECO "D58"]
[WhiteElo "2357"]
[BlackElo "2341"]
[Annotator "NA"]
[PlyCount "113"]
[EventDate "2021.05.01"]
[EventType "team-tourn"]
[EventCountry "RUS"]
[SourceTitle "playchess.com"]
[Source "ChessBase"]
[SourceQuality "1"]
[TimeControl "40/5400+30:1800+30"]

1. d4 Nf6 2. Nf3 d5 3. Bg5 e6 4. e3 Be7 5. c4 h6 6. Bh4 O-O 7. Nc3 b6 8. cxd5 exd5 9. Bd3 Bb7 10. O-O Ne4 11. Bxe7 Qxe7 12. Qb3 Rd8 13. Rfd1 Rd6 14. Rac1 a6 15. Ne5 Nxc3 16. Rxc3 Ra7 17. Rdc1 Ba8 18. Qc2 c6 19. b4 Rd8 20. Qb1 Qd6 21. a4 Re7 22. a5 b5 23. Bf5 Bb7 24. g3 g6 25. Bh3 Kg7 26. Bg2 f5 27. h4 Qf6 28. Bf1 Rd6 29. Qc2 Rc7 30. Bd3 h5 31. Bf1 Nd7 32. Nd3 g5 33. hxg5 Qxg5 34. Ne1 Kf6 35. Nf3 Qg4 36. Kg2 Nf8 37. Bd3 Ng6 38. Rh1 Rg7 39. Be2 h4 40. Ne5 Qg5 41. Kf1 Rd8 42. Nf3 Qg4 43. Nxh4 Qe4 44. Nf3 Rh8 45. Rxh8 Nxh8 46. Qxe4 fxe4 47. Ne5 Ng6 48. Nxg6 Rxg6 49. Kg2 Kf5 50. Rc1 Rh6 51. Rh1 Rxh1 52. Kxh1 c5 53. dxc5 Ke5 54. f4+ exf3 55. Bxf3 Bc8 56. Kg2 d4 57. Kf2 1-0